 Dungeon Crawl Stone Soup version 0.31-a0-193-gdfe2569204 (webtiles) character file.

Game seed: 14203780237264341402

140 qw the Skirmisher (level 5, -2/29 HPs)
             Began as a Deep Elf Hunter on June 24, 2023.
             Was an Initiate of Okawaru.
             Slain by Natasha (5 damage)
             ... on level 3 of the Dungeon.
             The game lasted 00:00:39 (1616 turns).

qw the Skirmisher (Deep Elf Hunter)                 Turns: 1616, Time: 00:00:39

Health: -2/29      AC:  5    Str: 10    XL:     5   Next: 2%
Magic:  7/7        EV: 16    Int: 14    God:    Okawaru [......]
Gold:   38         SH:  0    Dex: 18    Spells: 4/4 levels left

rFire   . . .        Y - +1 shortbow
rCold   . . .        (shield currently unavailable)
rNeg    . . .        j - +0 ring mail
rPois   .            (no helmet)
rElec   .            (no cloak)
rCorr   .            (no gloves)
SInv    .            (no boots)
Will    .....        (no amulet)
Stlth   +            i - +5 ring of evasion
HPRegen 0.24/turn    (no ring)
MPRegen 0.10/turn

%: no passive effects
@: about to teleport
A: no striking features
a: Renounce Religion


You were on level 3 of the Dungeon.
You worshipped Okawaru.
Okawaru was noncommittal.
You visited 1 branch of the dungeon, and saw 3 of its levels.

You collected 38 gold pieces.


   Skills:
 - Level 1.5 Fighting
 + Level 8.4 Ranged Weapons
 - Level 2.4 Dodging
 - Level 1.2 Stealth


You had 4 spell levels left.
You didn't know any spells.
Your spell library was empty.

Inventory:

Hand Weapons
 Y - a +1 shortbow (weapon)
Armour
 g - a +1 cloak of willpower
 j - a +0 ring mail (worn)
Jewellery
 e - an amulet of guardian spirit
 i - a +5 ring of evasion (left hand)
 k - the ring "Joewk" {rElec rPois rC+ Dex+6 Slay+2}
   (You found it on level 3 of the Dungeon)

   [ring of dexterity]

   Dex:       It affects your dexterity (+6).
   Slay:      It affects your accuracy & damage with ranged weapons and melee
   (+2).
   rC:        It protects you from cold.
   rElec:     It insulates you from electricity.
   rPois:     It protects you from poison.
Scrolls
 b - a scroll of teleportation
 d - 2 scrolls of identify
 h - a scroll of poison {unknown}
Potions
 a - a potion of curing {unknown}
 c - a potion of might {unknown}
 f - 2 potions of haste {unknown}

Dungeon Overview and Level Annotations

Branches:
Dungeon (3/15)

Altars:
Ashenzari
Nemelex Xobeh
Okawaru

Annotations:
D:3 Natasha


Message History

Something claws you.
You hear some strange, mumbled words.
You shoot an arrow. The cerulean imp closely misses you.
Something claws you but does no damage. The cerulean imp barely misses you.
You shoot an arrow.
The arrow barely misses the cerulean imp.
The cerulean imp misses you. Something claws you but does no damage.
The cerulean imp hits you from afar with a +2 spear.
You shoot an arrow. The arrow hits the cerulean imp.
The cerulean imp is severely wounded.
The cerulean imp misses you.
The cerulean imp hits you but does no damage.
Something claws you but does no damage. The cerulean imp barely misses you.
You shoot an arrow. The arrow hits the cerulean imp.
You kill the cerulean imp!
The cerulean imp disappears in a puff of smoke!
The cerulean imp hits you from afar with a +2 spear.
Something closely misses you.
You shoot an arrow.
The arrow closely misses the cerulean imp.
The cerulean imp barely misses you. Something barely misses you.
You shoot an arrow.
The arrow barely misses the cerulean imp.
Something claws you. The cerulean imp misses you.
You shoot an arrow. The arrow hits the cerulean imp.
The cerulean imp is lightly wounded.
Something claws you. The cerulean imp closely misses you.
You shoot an arrow. The arrow hits the cerulean imp!
The cerulean imp is heavily wounded.
Something claws you.
The cerulean imp hits you from afar with a +2 spear.
Something claws you!
The cerulean imp hits you from afar with a +2 spear.
1616 ||| READING 2 scrolls of teleportation.
As you read the scroll of teleportation, it crumbles to dust.
You feel strangely unstable.
The cerulean imp hits you from afar with a +2 spear.
Something claws you.
You die...

#.........## #)
#............ #)
#.........### ##
####.#########
#.......%...### #
#.................
#........5..##....
#.................
#...(.....@{.#
#.................
#...........###...
#...........# .
#...........#
#...........#
#...........#
#...........#


You could see a cerulean imp (summoned).

Vanquished Creatures
  Ijyb (D:3)
  Terence (D:3)
  3 gnolls (D:3)
  An adder (D:2)
  A dart slug (D:2)
  3 orcs (D:3)
  5 endoplasms
  A giant cockroach (D:1)
  2 goblins
  7 hobgoblins
  3 jackals (D:2)
  4 kobolds
  A quokka (D:1)
  3 ball pythons
  3 bats
  A frilled lizard (D:2)
  4 rats
44 creatures vanquished.

Notes
Turn   | Place    | Note
-------+----------+-------------------------------------------
     0 | D:1      | qw the Deep Elf Hunter began the quest for the Orb.
     0 | D:1      | Reached XP level 1. HP: 12/12 MP: 3/3
     0 | D:1      | 0 ||| qw: Version: 0.3-a-9-g12657ce
     0 | D:1      | 0 ||| qw: Game counter: 4714
     0 | D:1      | 0 ||| qw: Always use a shield: true
     0 | D:1      | 0 ||| qw: God list: Okawaru
     0 | D:1      | 0 ||| qw: Allow faded altars: false
     0 | D:1      | 0 ||| qw: Do Orc after D:15 true
     0 | D:1      | 0 ||| qw: Do second Lair branch before Depths: true
     0 | D:1      | 0 ||| qw: Lair rune preference: random
     0 | D:1      | 0 ||| qw: Plans: Normal
     0 | D:1      | 0 ||| PLANNING D:1-11
   139 | D:1      | Reached XP level 2. HP: 16/16 MP: 4/4
   194 | D:1      | Reached skill level 6 in Ranged Weapons
   577 | D:1      | 577 ||| UPGRADING to +0 ring mail.
   587 | D:1      | 587 ||| DROPPING +0 leather armour.
   588 | D:1      | 588 ||| UPGRADING to amulet of guardian spirit.
   593 | D:1      | 593 ||| UPGRADING to +5 ring of evasion.
   594 | D:1      | 594 ||| READING scroll labelled LAZIQO QETYE.
   595 | D:1      | 595 ||| READING scroll labelled TEHOUR KITTUS.
   598 | D:1      | 598 ||| READING scroll labelled KOQEUFYIMNIQ.
   599 | D:1      | 599 ||| READING scroll labelled OTYIXE JEOGG.
   600 | D:1      | 600 ||| DROPPING scroll of butterflies.
   659 | D:2      | Found a faded altar of an unknown god.
   845 | D:2      | Reached XP level 3. HP: 20/20 MP: 5/5
  1086 | D:2      | Reached skill level 7 in Ranged Weapons
  1135 | D:2      | Found a sparkling altar of Nemelex Xobeh.
  1205 | D:2      | 1205 ||| READING scroll labelled YDWY NERIK.
  1222 | D:3      | 1222 ||| Stepping ~*~*~tactically~*~*~ (outnumbered).
  1224 | D:3      | 1224 ||| Stepping ~*~*~tactically~*~*~ (outnumbered).
  1236 | D:3      | 1236 ||| Stepping ~*~*~tactically~*~*~ (outnumbered).
  1238 | D:3      | Reached XP level 4. HP: 9/25 MP: 1/6
  1242 | D:3      | 1242 ||| FLEEEEING.
  1243 | D:3      | 1243 ||| STAIRDANCE
  1383 | D:3      | Found an iron altar of Okawaru.
  1383 | D:3      | Found a broken altar of Ashenzari.
  1384 | D:3      | 1384 ||| PLANNING OKAWARU WORSHIP
  1394 | D:3      | Became a worshipper of Warmaster Okawaru
  1395 | D:3      | 1395 ||| PLANNING D:1-11
  1395 | D:3      | 1395 ||| REMOVING amulet of guardian spirit.
  1412 | D:3      | Noticed Terence
  1426 | D:3      | Killed Terence
  1427 | D:3      | Reached skill level 8 in Ranged Weapons
  1486 | D:3      | Noticed Ijyb
  1495 | D:3      | Killed Ijyb
  1496 | D:3      | Reached XP level 5. HP: 26/29 MP: 7/7
  1594 | D:3      | Identified the ring "Joewk" {rElec rPois rC+ Dex+6 Slay+2}
  1601 | D:3      | Noticed Natasha
  1615 | D:3      | HP: 7/29 [something (7)]
  1616 | D:3      | 1616 ||| READING 2 scrolls of teleportation.
  1616 | D:3      | HP: 3/29 [cerulean imp/+2 spear[Natasha] (2)]
  1616 | D:3      | Slain by Natasha

Levels and vault maps discovered:
D:1:      nzn_arrival_crosshair, layout_loops_ring
D:2:      layout_basic, basic_altar, ebering_ecumenical_altar_webs,
          chequers_serial_rivers_micro_e
D:3:      layout_basic, mainiacjoe_overflow_large_starburst, uniq_ijyb,
          uniq_natasha, uniq_terence

Skill      XL: |  1  2  3  4 |
---------------+-------------+-----
Ranged Weapons | 6 7 8 |  8.4
Fighting       | |  1.5
Dodging        | |  2.4
Stealth        | |  1.2

Action                     |  1- 3 |  4- 6 || total
---------------------------+-------+-------++-------
   Fire: Shortbow          |    82 |    50 ||   132
    Use: Scroll            |     5 |     1 ||     6
 Armour: Leather armour    |     2 |       ||     2
         Ring mail         |     2 |     6 ||     8
  Dodge: Dodged            |    27 |    22 ||    49

Table legend:
 A = Non-vault XP
 B = Vault XP
 C = Vault XP percentage of total XP
 D = Non-vault monster count
 E = Vault monster count
 F = Vault count percentage of total count
                 A         B        C        D         E       F
            +---------+---------+-------+---------+---------+-------
      Total |     128 |      72 |  36.0 |      42 |       2 |   4.5
            +---------+---------+-------+---------+---------+-------
        D:1 |      24 |       0 |   0.0 |      14 |       0 |   0.0
        D:2 |      45 |       0 |   0.0 |      18 |       0 |   0.0
        D:3 |      59 |      72 |  55.0 |      10 |       2 |  16.7
            +---------+---------+-------+---------+---------+-------
